 Dungeon Crawl Stone Soup version 0.32-a0-876-gcfddb08e57 (webtiles) character file.

Game seed: 11364897644579311542

638 gohu the Magician (level 7, 0/47 HPs)
             Began as a Djinni Fire Elementalist on Mar 31, 2024.
             Slain by a howler monkey zombie (2 damage)
             ... in an ossuary.
             The game lasted 00:10:52 (3092 turns).

gohu the Magician (Djinni Fire Elementalist)        Turns: 3092, Time: 00:10:53

Health: 0/47       AC:  4    Str:  7    XL:     7   Next: 80%
Gold:   164        EV: 11    Int: 18    God:
                   SH:  0    Dex: 14

rFire   + + .        u - +2 short sword (flame)
rCold   x . .        (no shield)
rNeg    . . .        a - +0 robe
rPois   ∞            (no helmet)
rElec   .            m - +1 cloak
rCorr   .            (no gloves)
SInv    .            (boots unavailable)
Will    +....        (no amulet)
Stlth   ++           (no ring)
HPRegen 0.27/turn    (no ring)
MPRegen 0.00/turn

%: infuse magic (-1 HP)
@: enlightened, flying
A: sickness immunity, fire resistance 2, cold vulnerability 1, float, innate
caster, HP casting, extra vitality 1
a: no special abilities


You were in an ossuary.
You visited 1 branch of the dungeon, and saw 4 of its levels.
You also visited: Ossuary.

You collected 164 gold pieces.

Inventory:

Hand Weapons
 b - a +0 rapier
 g - the +5 sling "Suwur" {heavy, *Slow rPois Str+3}
   (You found it on level 4 of the Dungeon)

   Str+3:     It affects your strength (+3).
   rPois:     It protects you from poison.
   *Slow:     It may slow you when you take damage.
 u - a +2 short sword of flaming (weapon)
Armour
 a - a +0 robe (worn)
 l - a scarf of resistance
 m - a +1 cloak (worn)
Wands
 r - a wand of flame (12)
 s - a wand of polymorph (14)
 v - a wand of acid (4)
Scrolls
 c - a scroll of enchant armour
 f - 2 scrolls of teleportation
 h - a scroll of amnesia
 q - 2 scrolls of fog
Potions
 d - 2 potions of enlightenment
 e - a potion of curing {unknown}
 i - a potion of mutation {unknown}
 j - a potion of invisibility {unknown}
 k - 5 potions of degeneration {unknown}
 n - 2 potions of cancellation {unknown}
 p - a potion of attraction {unknown}


   Skills:
 + Level 1.2 Fighting
 - Level 2.1 Dodging
 - Level 1.5 Stealth
 * Level 6.8 Spellcasting
 * Level 6.8 Conjurations
 * Level 6.8 Hexes
 * Level 6.8 Summonings
 * Level 6.8 Necromancy
 * Level 6.8 Translocations
 * Level 6.8 Fire Magic
 * Level 6.8 Ice Magic
 * Level 6.8 Air Magic
 * Level 6.8 Earth Magic
 * Level 6.8 Alchemy


You knew the following spells:

 Your Spells              Type           Power      Damage    Failure   Level
a - Foxfire               Conj/Fire      100%       2x1d9     1%          1
b - Scorch                Fire           60%        2d7       1%          2
c - Flame Wave            Conj/Fire      30%        2d9       7%          4
d - Inner Flame           Hex/Fire       30%        N/A       1%          3
e - Volatile Blastmotes   Fire/Tloc      60%        2d15      1%          3
f - Sting                 Conj/Alch      100%       1d9       1%          1
g - Lesser Beckoning      Tloc           60%        N/A       1%          2
h - Summon Ice Beast      Ice/Summ       30%        N/A       1%          3
Your spell library was empty.

Dungeon Overview and Level Annotations

Branches:
Dungeon (4/15)            Ossuary (1/1)
 Temple: D:4-7

Altars:


Innate Abilities, Weirdness & Mutations

You are immune to sickness and miasma.
You are immune to poison.
Your flesh is very heat resistant. (rF++)
You are vulnerable to cold. (rC-)
You float through the air rather than walking.
You learn spells naturally, not from books.
Your magical power is your life essence.
You have superior vitality. (+4 MHP)


Message History

The hound zombie is moderately damaged. (Press . to intensify the flame waves.)
* * * LOW HITPOINT WARNING * * *
The hound zombie closely misses you.
A wave of flame ripples out!
The flame wave engulfs the crocodile zombie!
The crocodile zombie is severely damaged.
The flame wave engulfs the hound zombie!
The hound zombie is severely damaged.
* * * LOW HITPOINT WARNING * * *
The hound zombie barely misses you.
The hound zombie bites you but does no damage.
A wave of flame ripples out!
The flame wave engulfs the crocodile zombie!
The crocodile zombie is almost destroyed.
The flame wave engulfs the hound zombie!
You destroy the hound zombie!
The flame wave engulfs the mummy but does no damage.
* * * LOW HITPOINT WARNING * * *
You finish channelling waves of flame.
The crocodile zombie bites you but does no damage.
It was a potion of enlightenment.
You feel more buoyant. The crocodile zombie misses you.
Casting: Flame Wave (dangerous; 7% risk of failure)
Confirm with . or Enter, or press ? or * to list all spells.
Casting: Flame Wave (dangerous; 7% risk of failure)
Press: ? - help, Dir - look around, f - activate A wave of flame ripples out!
The flame wave engulfs the crocodile zombie!
You destroy the crocodile zombie!
The flame wave engulfs the mummy!
The mummy is burned terribly!
The mummy is severely damaged. (Press . to intensify the flame waves.)
* * * LOW HITPOINT WARNING * * *
Without enough magic to sustain them, the waves of flame dissipate.
The howler monkey zombie barely misses you.
The mummy closely misses you. The howler monkey zombie hits you.
You die...

+. #.' +.
#. +.'
###.#####
#.'.#.M@#
#.'.Z.#
+.#...#
#.#####
'. ##' #.
##


You could see a mummy and a howler monkey zombie.

Vanquished Creatures
  Sigmund (D:4)
  A phantom (D:3)
  3 jellies
  2 iguanas (D:4)
  A crocodile zombie (Ossuary)
  A hound zombie (Ossuary)
  6 adders
  4 dart slugs
  2 ribbon worms
  5 orcs
  6 ball pythons
  7 bats
  12 endoplasms
  4 giant cockroaches
  11 goblins
  6 hobgoblins
  3 quokkas
  4 frilled lizards
  12 kobolds
  7 rats
98 creatures vanquished.

Vanquished Creatures (collateral kills)
  4 mummies (Ossuary)
  A howler monkey zombie (Ossuary)
  A kobold (D:4)
6 creatures vanquished.

Vanquished Creatures (others)
  209 foxfires
209 creatures vanquished.

Grand Total: 313 creatures vanquished

Notes
Turn   | Place    | Note
-------+----------+-------------------------------------------
     0 | D:1      | gohu the Djinni Fire Elementalist began the quest for the
                  | Orb.
     0 | D:1      | gohu set off with the following spells memorised: Foxfire,
                  | Scorch, Volatile Blastmotes, Inner Flame, Flame Wave.
     0 | D:1      | Reached XP level 1. HP: 15/15 MP: 0/0
   241 | D:1      | Reached XP level 2. HP: 20/21 MP: 0/0
   496 | D:1      | Reached XP level 3. HP: 24/25 MP: 0/0
   496 | D:1      | Learned a level 1 spell: Sting
   997 | D:2      | Reached XP level 4. HP: 28/31 MP: 0/0
  1582 | D:3      | Reached XP level 5. HP: 28/36 MP: 0/0
  1582 | D:3      | Learned a level 2 spell: Lesser Beckoning
  1622 | D:3      | Noticed a phantom
  1655 | D:3      | Killed a phantom
  1656 | D:3      | Reached skill level 5 in Spellcasting
  1656 | D:3      | Reached skill level 5 in Conjurations
  1656 | D:3      | Reached skill level 5 in Hexes
  1656 | D:3      | Reached skill level 5 in Summonings
  1656 | D:3      | Reached skill level 5 in Necromancy
  1656 | D:3      | Reached skill level 5 in Translocations
  1656 | D:3      | Reached skill level 5 in Fire Magic
  1656 | D:3      | Reached skill level 5 in Ice Magic
  1656 | D:3      | Reached skill level 5 in Air Magic
  1656 | D:3      | Reached skill level 5 in Earth Magic
  1656 | D:3      | Reached skill level 5 in Alchemy
  1726 | D:3      | Noticed a golden eye
  1728 | D:3      | Found a faded altar of an unknown god.
  1732 | D:3      | Noticed an eye of devastation
  1760 | D:3      | Noticed an eye of devastation
  1769 | D:3      | Noticed a glass eye
  1805 | D:3      | Reached XP level 6. HP: 41/41 MP: 0/0
  2393 | D:3      | Reached skill level 1 in Fighting
  2724 | D:4      | Noticed Sigmund
  2735 | D:4      | Killed Sigmund
  2736 | D:4      | Reached XP level 7. HP: 33/47 MP: 0/0
  2736 | D:4      | Learned a level 3 spell: Summon Ice Beast
  2848 | D:4      | Identified the +5 sling "Suwur" {heavy, *Slow rPois Str+3}
  3050 | D:4      | Found a sand-covered staircase.
  3055 | Ossuary  | Entered an ossuary
  3092 | Ossuary  | Slain by a howler monkey zombie

Illustrated notes

Levels and vault maps discovered:
D:1:      matt_arrival_grand_opening, layout_basic
D:2:      layout_rooms
D:3:      cheibrodos_fertilizer, layout_rooms,
          hellmonk_ecumenical_altar_watching_god, hangedman_decor_lopped,
          wander_ebering_terrifying_dragon_lair
D:4:      layout_loops_corners, kiku_gazebo_pond_becter, enter_ossuary_2,
          uniq_sigmund, uniq_grinder
Ossuary:  ossuary_zaba_flooded

Skill      XL: |  1  2  3  4  5  6 |
---------------+-------------------+-----
Spellcasting   | 4 5 6 |  6.8
Conjurations   | 4 5 6 |  6.8
Hexes          | 4 5 6 |  6.8
Summonings     | 4 5 6 |  6.8
Necromancy     | 4 5 6 |  6.8
Translocations | 4 5 6 |  6.8
Fire Magic     | 4 5 6 |  6.8
Ice Magic      | 4 5 6 |  6.8
Air Magic      | 4 5 6 |  6.8
Earth Magic    | 4 5 6 |  6.8
Alchemy        | 4 5 6 |  6.8
Fighting       | 1 |  1.2
Dodging        | |  2.1
Stealth        | |  1.5

Action                     |  1- 3 |  4- 6 |  7- 9 || total
---------------------------+-------+-------+-------++-------
   Cast: Foxfire           |    36 |    81 |     4 ||   121
         Scorch            |     6 |    14 |    17 ||    37
         Volatile Blastmot |       |    22 |     2 ||    24
         Summon Ice Beast  |       |       |     5 ||     5
         Flame Wave        |       |       |     2 ||     2
    Use: Scroll            |       |     6 |       ||     6
         Potion            |       |       |     1 ||     1
 Armour: Robe              |     5 |    24 |    11 ||    40
  Dodge: Dodged            |     5 |    18 |    12 ||    35

Table legend: (Time is in decaauts)
 A = Elapsed time spent in this place.
 B = Non-inter-level travel time spent in this place.
 C = Inter-level travel time spent in this place.
 D = Time resting spent in this place.
 E = Time spent auto-exploring this place.
 F = Levels seen in this place.
 G = Mean time per level.
                   A        B        C        D        E       F      G
               +--------+--------+--------+--------+--------+-----+--------+
         Total |   3097 |   2991 |    106 |     51 |   1928 |   5 |  619.4 |
       Dungeon |   3053 |   2947 |    106 |     51 |   1928 |   4 |  763.2 |
       Ossuary |     43 |     43 |      0 |      0 |      0 |   1 |   43.0 |
               +--------+--------+--------+--------+--------+-----+--------+

Top non-repeatable levels by time:
     D:3: 1108 daAuts
     D:1: 986 daAuts
     D:2: 503 daAuts
     D:4: 455 daAuts
 Ossuary: 43 daAuts
